← All builds
Air / Cortex / Economy first / OBSERVED BUILD

Standard air

Cortex Air build order · Supreme Isthmus

Economy-first air build: Aircraft Plant then Advanced Metal Extractor and Fusion Reactor, making transports and scouts for allies while transitioning into fighters and occasional bombers over the whole game.

Usually transports first (78%)

#eco #air #team support · 1490 distinct matches · 252 players · 80% of Cortex Air games · team won 46% of 1793 · Recently observed

HOW TO PLAY IT

Key timing: Aircraft Plant by 1:24

  1. Open 3 mex and wind, then drop Aircraft Plant early.
  2. Finish Aircraft Plant and start fighters for scouting and defense.
  3. Eat the Aircraft Plant once production needs outgrow it.
  4. Get Advanced Metal Extractor up to scale eco.
  5. Bring Fusion Reactor online and keep feeding transports, scouts, fighters to allies.

Phase by phase

TYPICAL OF ITS 1490 GAMES
  1. 1
  2. 2
  3. 3
PLAY THE OPENING

Follow the example game's first 6:00 step by step: what to build now, what comes next, and where it goes. At 1× it keeps pace with your own game.

  1. 1

    Up to the Aircraft Plant

    Economy
    • Metal Extractor3Mex
    • Wind Turbine4Wind
    Order
    1. Aircraft PlantAircraft Plant after 3 mex, 4 winddone ~1:26, middle half 1:14–1:35

    Some games also: energy storage (38%)

    By 1:07 in all: 3 mex · 4 wind

    The example game in this phase · 3 steps
    1. Mex ×3
    2. Solar
    3. Aircraft PlantAircraft Plantdone 1:05 · typical 1:26
  2. 2

    Aircraft Plant to 5:00

    Economy
    • Metal Extractor1Mex
    • Wind Turbine9Wind
    • Wind Turbine3Wind
    Builders
    • Construction Turret2 Con turret
    • Construction Aircraft1 Con aircraft
    Army
    • Valiant5 Valiant
    • Hercules2 Light transport for allies
    • Finch2 Finch for allies
    • Finch1 Finch
    • Hephaestus1 Heavy transport for allies

    Some games also: shuriken (49%) · energy storage (45%) · converter (44%) · light transport (40%)

    By 5:00 in all: 3 mex · 1 mex · 13 wind · 3 wind · 1 energy storage · 2 con turret

    The example game in this phase · 24 steps
    1. FinchFinch
    2. Wind ×3
    3. HerculesLight transportfor Geo sea
    4. Wind ×2
    5. FinchFinchfor Geo sea
    6. HephaestusHeavy transportfor Beach sea
    7. Wind
    8. FinchFinchfor Beach sea
    9. HerculesLight transportfor Beach sea
    10. ValiantValiant
    11. Construction AircraftCon aircraft
    12. ValiantValiant
    13. Con turret
    14. Mex
    15. Wind ×5
    16. HerculesLight transportfor Geo
    17. Wind ×2
    18. HerculesLight transportfor Tech
    19. Wind
    20. ValiantValiant
    21. Wind ×2
    22. ValiantValiant
    23. Wind ×3
    24. Con turret
  3. 3

    5:00 to 10:00

    Economy
    • Wind Turbine21Wind
    • Wind Turbine5Wind
    • Energy Converter6Converter
    Order
    1. Aircraft PlantEat Aircraft Plant
    2. Aircraft PlantAircraft Plant after 19 wind, 18 wind, 7 converterin 58% of games
    Builders
    • Construction Turret3 Con turret
    Army
    • Valiant9 Valiant

    Some games also: shuriken (48%) · fusion (38%) · con aircraft (35%) · light transport (31%)

    By 10:00 in all: 3 mex · 1 mex · 25 wind · 20 wind · 8 converter · 1 energy storage

    The example game in this phase · 87 steps
    1. Converter
    2. Energy storage
    3. Converter ×2
    4. Wind ×2
    5. Con turret
    6. Wind ×7
    7. Converter
    8. Wind
    9. Converter
    10. Wind
    11. Converter
    12. HerculesLight transport
    13. Wind ×2
    14. ValiantValiant
    15. Wind
    16. ValiantValiant
    17. Wind ×2
    18. Aircraft PlantEat Aircraft Plantreclaimed for its metal
    19. Wind ×3
    20. Advanced Metal ExtractorT2 mexdone 7:06 · typical 6:54
    21. Wind ×3
    22. Advanced Metal ExtractorT2 mex
    23. Wind ×3
    24. Advanced Metal ExtractorT2 mex
    25. Wind ×2
    26. Advanced Metal ExtractorT2 mex
    27. Wind ×4
    28. Con turret ×2
    29. Wind ×2
    30. Fusion ReactorFusiondone 9:26 · typical 10:53
    31. Wind ×2
    32. Con turret
    33. Wind ×3
    34. T2 converter
    35. Con turret ×2
    36. Aircraft PlantAircraft Plantdone 9:51
    37. ValiantValiant
    38. Wind
    39. ValiantValiant ×3
    40. FinchFinch
    41. Wind
    42. FinchFinch ×3
    43. Wind
    44. FinchFinch ×2
    45. Wind
    46. FinchFinch
    47. Wind
    48. FinchFinch ×3
    49. ValiantValiant
    50. Wind
    51. ValiantValiant ×2
    52. Wind
    53. ValiantValiant ×4
    54. FinchFinch
    55. ValiantValiant ×4
    56. ShurikenShuriken ×9
    57. Con turret
    58. ShurikenShuriken
    59. Con turret ×2
    60. ShurikenShuriken
    61. Con turret
    62. ShurikenShuriken ×9
    63. ValiantValiant
    64. ShurikenShuriken ×5
    65. ValiantValiant ×6
    66. FinchFinch
    67. ValiantValiant ×11
    68. FinchFinch
    69. ValiantValiant ×4
    70. Con turret
    71. ValiantValiant ×2
    72. Con turret ×3
    73. ValiantValiant ×2
    74. Con turret ×2
    75. ValiantValiant ×3
    76. FinchFinch
    77. ValiantValiant ×11
    78. FinchFinch
    79. ValiantValiant ×11
    80. FinchFinch
    81. ValiantValiant ×11
    82. FinchFinch
    83. ValiantValiant ×11
    84. FinchFinch
    85. ValiantValiant ×7
    86. T2 converter
    87. ValiantValiant

Counts are medians over the build's games: half of them build more, half fewer. The example game is Alexspeed's (33 OS, 07/09/2026); pick another.

Team trades

IN AT LEAST 30% OF ITS GAMES

You hand over

  • Finch2 Finch to Geo sea or Beach seafirst at 1:50 · in 96% of games
  • Hercules3 Light transport to Tech or Geo sea or Beach seafirst at 2:06 · in 99% of games
  • Hephaestus1 Heavy transport to Beach sea or Pond or Techfirst at 2:23 · in 72% of games

You get

  • Wind Turbine3 Wind from Beach sea or Geo seafirst at 1:37 · in 64% of games
  • Wind Turbine3 Wind from Beach sea or Geo sea or Pondfirst at 1:42 · in 46% of games
  • Construction Bot1 Con bot from Techfirst at 2:22 · in 88% of games
  • Advanced Construction Bot1 T2 con bot from Techfirst at 6:05 · in 96% of games

How it plays out

Typical game of this build, running totals by minute

Metal produced

010k20k30k
0:005:0010:0015:00

metal

Enemy metal destroyed

01k2k
0:005:0010:0015:00

metal

Own metal lost

01k2k3k
0:005:0010:0015:00

metal

1793 games.

Show as table
ByMetal produced: This buildEnemy metal destroyed: This buildOwn metal lost: This build
1:0039200
2:0092300
3:00145600
4:002052051
5:0027635173
6:003706102124
7:005088146167
8:006900190219
9:009279232270
10:0011757292384
11:0014351373540
12:0017061515781
13:00198467811109
14:002269912691689
15:002570018082409
WHAT THE NUMBERS SAY

Standard air play wins less than half its games, with very low combat losses and kills since the role mostly supports rather than fights.

  • + Own metal lost stays very low, only 2701 by 15:00.
  • + Metal production reaches 25740 by 15:00, a strong support economy.
  • − Team wins under half of games (47%).
  • − Enemy metal destroyed stays low at 2097 by 15:00, showing little direct impact.
THE EXAMPLE YOU ARE READING

Alexspeed

33.2 OS · 07/09/2026

Open source match ↗

7 received units · includes a constructor
26 metal received · 53021 energy received

Allied construction assistance is unknown. Timings are observations, not a promise of solo reproducibility.

Typical milestones

Aircraft Plant1:26Middle 50%: 1:14–1:35 · n=1793
Advanced Metal Extractor6:54Middle 50%: 6:27–7:26 · n=1734
Fusion Reactor10:53Middle 50%: 9:47–12:18 · n=1147

Played most by

TheGeneraI113games of this buildDad_The_Speedrunner72games of this buildHunfore62games of this buildMilkdragon51games of this buildAdeus50games of this build
Standard air · Cortex Air build order · BAR Build Atlas